 Dungeon Crawl Stone Soup version 0.30.1-9-gdf580d7c3d (webtiles) character file.

Game seed: 17537154021606072979

1500 lonewolfV2 the Blocker (level 9, -8/75 HPs)
             Began as a Formicid Fighter on Oct 20, 2023.
             Was a Priest of Dithmenos.
             Killed from afar by Maggie (34 damage)
             ... with a bolt of fire
             ... on level 6 of the Dungeon.
             The game lasted 00:14:22 (4986 turns).

lonewolfV2 the Blocker (Formicid Fighter)           Turns: 4986, Time: 00:14:23

Health: -8/75      AC: 19    Str: 29    XL:     9   Next: 8%
Magic:  9/9        EV:  9    Int:  8    God:    Dithmenos [***...]
Gold:   247        SH:  7    Dex: 15    Spells: 8/8 levels left

rFire   x . .        a - +0 war axe
rCold   + + .        c - +0 buckler
rNeg    . . .        u - +6 ice dragon scales of Gorig {+Inv rElec rF- rC++ Will- rCorr}
rPois   .            (helmet unavailable)
rElec   +            (no cloak)
rCorr   +            g - +1 pair of gloves
SInv    +            (no boots)
Will    .....        i - amulet of regeneration Stlth
                     j - ring of willpower
HPRegen 1.12/turn    q - +6 ring of strength
MPRegen 0.11/turn

%: no passive effects
@: mesmerised, wreathed by umbra
A: permanent stasis, dig shafts and tunnels, antennae 3, four strong arms
a: Dig, Shaft Self, Renounce Religion, Evoke Invisibility, Shadow Step


You were on level 6 of the Dungeon.
You worshipped Dithmenos.
Dithmenos was most pleased with you.
You visited 1 branch of the dungeon, and saw 6 of its levels.

You collected 247 gold pieces.

Inventory:

Hand Weapons
 a - a +0 war axe (weapon)
Armour
 b - a +0 scale mail
 c - a +0 buckler (worn)
 g - a +1 pair of gloves (worn)
 u - the +6 ice dragon scales of Gorig (worn) {+Inv rElec rF- rC++ Will- rCorr}
   (You acquired it on level 5 of the Dungeon)

   rF:        It makes you vulnerable to fire.
   rC:        It greatly protects you from cold.
   rElec:     It insulates you from electricity.
   +Inv:      It lets you turn invisible.
   rCorr:     It protects you from acid and corrosion.
   Will:      It decreases your willpower.
Jewellery
 i - an amulet of regeneration (around neck)
 j - a ring of willpower (left hand)
 q - a +6 ring of strength (right hand)
Wands
 t - a wand of flame (7)
Scrolls
 f - 2 scrolls of silence
 l - a scroll of amnesia
 o - 3 scrolls of identify
 p - 2 scrolls of magic mapping
 v - 2 scrolls of fog
Potions
 d - 2 potions of might
 e - 4 potions of attraction
 h - a potion of mutation
 k - a potion of brilliance
 m - a potion of cancellation
 n - a potion of lignification {unknown}
 r - a potion of haste
 s - a potion of magic


   Skills:
 + Level 8.6 Fighting
 - Level 2.0 Axes
 + Level 4.4 Armour
 + Level 10.3 Shields


You had 8 spell levels left.
You didn't know any spells.
Your spell library contained the following spells:

 Spells                   Type           Power      Damage    Failure   Level
 Sublimation of Blood     Necr           0%         N/A       87%         2
 Call Canine Familiar     Summ           0%         N/A       98%         3
 Gell's Gravitas          Tloc           0%         N/A       98%         3
 Portal Projectile        Hex/Tloc       0%         N/A       98%         3
 Teleport Other           Tloc           0%         N/A       98%         3
 Tukima's Dance           Hex            0%         N/A       98%         3
 Leda's Liquefaction      Hex/Erth       0%         N/A       100%        4
 Passage of Golubria      Tloc           0%         N/A       100%        4
 Petrify                  Tmut/Erth      0%         N/A       100%        4
 Blade Hands              Tmut           0%         N/A       100%        5
 Irradiate                Conj/Tmut      0%         3d11      100%        5
 Silence                  Hex/Air        0%         N/A       100%        5
 Dispersal                Tloc           0%         N/A       100%        6
 Lehudib's Crystal Spear  Conj/Erth      0%         10d2      100%        8


Dungeon Overview and Level Annotations

Branches:
Dungeon (6/15)             Temple (0/1) D:6

Altars:
Dithmenos
Elyvilon
Hepliaklqana
Nemelex Xobeh
Ru
Zin
The Shining One

Shops:
D:4 [

Annotations:
D:6 Maggie


Innate Abilities, Weirdness & Mutations

You cannot be hasted, slowed, berserked, paralysed or teleported.
You can dig through walls and to a lower floor.
You have a pair of large antennae on your head. (SInv)
Your four strong arms can wield two-handed weapons with a shield.


Message History

Maggie says, "Leave now, and tell all of Margery's mercy!"
Maggie casts a spell.
Maggie attempts to bespell you!
You are mesmerised by Maggie!
Aiming: Throw Flame
Press: ? - help, Q - select action, (/) - cycle Shift-Dir - straight line, f/p - Maggie
Aim: Maggie, wielding a +1 war axe of flaming and wearing +0 acid dragon scales (mesmerising, 68% to hit)
The puff of flame hits Maggie.
Maggie is lightly wounded.
An orc comes into view. It is wielding a +0 club.
Aiming: Throw Flame
Press: ? - help, Q - select action, (/) - cycle Shift-Dir - straight line, f/p - Maggie
Aim: Maggie, wielding a +1 war axe of flaming and wearing +0 acid dragon scales (lightly wounded, mesmerising, 68% to hit)
The puff of flame hits Maggie.
Maggie is lightly wounded.
Maggie practices a pose.
Aiming: Throw Flame
Press: ? - help, Q - select action, (/) - cycle Shift-Dir - straight line, f - orc, p - Maggie
Aim: an orc, wielding a +0 club and wearing a +0 leather armour (68% to hit)
The puff of flame hits Maggie.
Maggie is lightly wounded.
An orc wizard comes into view.
It is wielding a +1 dagger of protection.
An orc wizard comes into view. It is wielding a +0 dagger.
The orc wizard shouts! x2
You closely miss Maggie.
Maggie is lightly wounded.
Maggie casts a spell at you. The bolt of fire hits you!!
The fire burns you terribly!
You hit Maggie but do no damage.
Maggie is lightly wounded.
Maggie hits you with a +1 war axe of flaming!
Maggie burns you! The orc hits you with a +0 club. You block Maggie's attack.
You slash Maggie!
Maggie is moderately wounded.
You slash the orc!
You kill the orc!
Dithmenos accepts your kill. Maggie gestures at you while chanting.
The bolt of fire hits you!! The fire burns you terribly!
You die...

#.#..# .#... ..#..# # .
...# ..###....#
....#.#o.# #....#@o#
.###..>@.# #.#
.........# #.#####
...!#....####=#...#
.##........##.#.#.## #
##.......##......####.
#.......##..#.#...#..
#.........#.$........#
...........))#)#.#(..##
.#.#........#[).)...#...


You could see Maggie (mesmerising) and 2 orc wizards.

Vanquished Creatures
  Grinder (D:5)
  A sky beast (D:6)
  3 black bears
  An ogre (D:5)
  A centaur (D:5)
  2 phantoms
  A bullfrog (D:5)
  2 scorpions (D:5)
  2 orc priests
  A gnoll bouda (D:6)
  2 hounds
  Terence (D:2)
  4 orc wizards
  5 gnolls
  4 adders
  An ufetubus (D:5)
  2 worms (D:3)
  19 orcs
  8 endoplasms
  5 giant cockroaches
  5 goblins
  8 hobgoblins
  5 jackals
  3 quokkas
  9 ball pythons
  2 bats
  6 frilled lizards
  4 kobolds
  7 rats
115 creatures vanquished.

Notes
Turn   | Place    | Note
-------+----------+-------------------------------------------
     0 | D:1      | lonewolfV2 the Formicid Fighter began the quest for the
                  | Orb.
     0 | D:1      | Reached XP level 1. HP: 18/18 MP: 1/1
   176 | D:1      | Reached XP level 2. HP: 24/24 MP: 2/2
   279 | D:1      | Found a faded altar of an unknown god.
   327 | D:1      | Prayed at the altar of an unknown god.
   327 | D:1      | Became a worshipper of Dithmenos the Shadowed
   327 | D:1      | Reached * piety under Dithmenos
   436 | D:1      | Reached XP level 3. HP: 30/30 MP: 3/3
  1174 | D:2      | Noticed Terence
  1187 | D:2      | Killed Terence
  1188 | D:2      | Reached skill level 5 in Shields
  1188 | D:2      | Reached XP level 4. HP: 30/38 MP: 4/4
  2362 | D:3      | Found a hazy altar of Hepliaklqana.
  2610 | D:3      | Reached XP level 5. HP: 43/43 MP: 5/5
  2802 | D:4      | Reached skill level 6 in Shields
  2828 | D:4      | Noticed a black bear
  2836 | D:4      | Killed a black bear
  2837 | D:4      | Reached skill level 5 in Fighting
  2837 | D:4      | Reached XP level 6. HP: 38/51 MP: 6/6
  2869 | D:4      | Reached ** piety under Dithmenos
  2924 | D:4      | Reached skill level 7 in Shields
  3013 | D:4      | Found a glowing golden altar of the Shining One.
  3255 | D:4      | Found a white marble altar of Elyvilon.
  3256 | D:4      | Found a sacrificial altar of Ru.
  3269 | D:4      | Reached XP level 7. HP: 53/58 MP: 7/7
  3375 | D:4      | Found Qysses's Armour Shoppe.
  4076 | D:5      | Entered Level 5 of the Dungeon
  4095 | D:5      | Reached skill level 8 in Shields
  4283 | D:5      | Found a shadowy altar of Dithmenos.
  4298 | D:5      | Noticed Grinder
  4328 | D:5      | Killed Grinder
  4329 | D:5      | Reached skill level 9 in Shields
  4329 | D:5      | Reached XP level 8. HP: 56/67 MP: 8/8
  4396 | D:5      | Found a glowing silver altar of Zin.
  4673 | D:5      | Found a sparkling altar of Nemelex Xobeh.
  4885 | D:5      | Identified a scroll of acquirement
  4885 | D:5      | Acquired the +6 ice dragon scales of Gorig {+Inv rElec rF-
                  | rC++ Will- rCorr}
  4918 | D:6      | Found a staircase to the Ecumenical Temple.
  4943 | D:6      | Reached skill level 10 in Shields
  4953 | D:6      | Reached XP level 9. HP: 75/75 MP: 9/9
  4962 | D:6      | Reached *** piety under Dithmenos
  4977 | D:6      | Noticed Maggie
  4986 | D:6      | Killed from afar by Maggie

Illustrated notes

Levels and vault maps discovered:
D:1:      saegor_arrival_simple_b, layout_basic,
          shapermc_ecumenical_altar_starsandcircs, minmay_pentomino_z2
D:2:      layout_loops_ring, uniq_terence
D:3:      layout_loops_ring, mainiacjoe_overflow_cross_hatched,
          minmay_increasing_density
D:4:      layout_cave_pods, tso_oasis_becter, nicolae_overflow_squiral,
          serial_shops, kennysheep_mini
D:5:      layout_loops_ring, zin_academy, nemelex_dance_club_becter,
          mainiacjoe_overflow_boulevard, uniq_grinder
D:6:      layout_rooms, minmay_temple_entry_sparse_star, lightli_minifort,
          uniq_maggie

Skill      XL: |  1  2  3  4  5  6  7  8 |
---------------+-------------------------+-----
Fighting       | 4 5 6 7 8 |  8.6
Shields        | 5 6 7 9 10 | 10.3
Armour         | 4 |  4.4
Axes           | |  2.0

Action                     |  1- 3 |  4- 6 |  7- 9 || total
---------------------------+-------+-------+-------++-------
  Melee: War axe           |    80 |    93 |   141 ||   314
  Evoke: Wand              |       |       |     4 ||     4
    Use: Scroll            |     5 |     6 |     2 ||    13
         Potion            |       |       |     2 ||     2
 Armour: Scale mail        |    33 |    63 |    46 ||   142
         Ice dragon scales |       |       |    49 ||    49
  Dodge: Dodged            |    49 |    65 |    90 ||   204
  Block: Buckler           |    26 |    37 |    61 ||   124
